 Dungeon Crawl Stone Soup version 0.32-a0-120-gfac0567ad4 (webtiles) character file.

Game seed: 11764294962842511002

105 Ceno the Digger (level 4, -1/23 HPs)
             Began as a Vine Stalker Earth Elementalist on Feb 7, 2024.
             Slain by a gnoll
             ... wielding a +0 flail
              (7 damage)
             ... on level 3 of the Dungeon.
             The game lasted 00:05:06 (2186 turns).

Ceno the Digger (Vine Stalker Earth Elementalist)   Turns: 2186, Time: 00:05:07

Health: -1/23      AC:  4    Str: 11    XL:     4   Next: 83%
Magic:  0/8        EV: 11    Int: 15    God:
Gold:   53         SH:  0    Dex: 16    Spells: 3/7 levels left

rFire   . . .        c - +0 dagger
rCold   . . .        (no shield)
rNeg    . . .        o - +0 leather armour
rPois   .            (no helmet)
rElec   .            (no cloak)
rCorr   .            f - +0 pair of gloves
SInv    .            (no boots)
Will    .....        (no amulet)
Stlth   ++           (no ring)
HPRegen 1.03/turn    (no ring)
MPRegen 0.11/turn

%: guardian spirit
@: no status effects
A: fangs 2, regeneration 1, magic shield, antimagic bite, no potion heal 2
a: no special abilities


You were on level 3 of the Dungeon.
You visited 1 branch of the dungeon, and saw 3 of its levels.

You collected 53 gold pieces.

Inventory:

Hand Weapons
 c - a +0 dagger (weapon)
Missiles
 d - 35 stones (quivered)
Armour
 f - a +0 pair of gloves (worn)
 o - a +0 leather armour (worn)
Scrolls
 e - a scroll of teleportation
 h - a scroll of noise {unknown}
 i - a scroll of torment
 j - a scroll of brand weapon {unknown}
 k - a scroll of enchant armour {unknown}
 l - a scroll of immolation
 m - a scroll of amnesia {unknown}
 n - a scroll of fear {unknown}
Potions
 a - a potion of haste
 b - 2 potions of magic
 g - 2 potions of mutation
 p - a potion of brilliance {unknown}


   Skills:
 + Level 1.6 Fighting
 + Level 1.6 Short Blades
 - Level 1.5 Dodging
 + Level 3.7 Stealth
 - Level 2.1 Spellcasting
 - Level 1.0 Conjurations
 + Level 3.7 Earth Magic


You had 3 spell levels left.
You knew the following spells:

 Your Spells              Type           Power      Damage    Failure   Level
a - Sandblast             Erth           24%        2d8       6%          1
b - Passwall              Erth           12%        N/A       19%         3

Your spell library contained the following spells:

 Spells                   Type           Power      Damage    Failure   Level
 Stone Arrow              Conj/Erth      16%        3d8       32%         3
 Brom's Barrelling Bould  Conj/Erth      8%         2d3       71%         4
 Petrify                  Alch/Erth      7%         N/A       78%         4
 Ignite Poison            Fire/Alch      1%         N/A       96%         4
 Sticky Flame             Fire/Alch      1%         2d4       96%         4
 Ignition                 Fire           0%         3d3       100%        8


Dungeon Overview and Level Annotations

Branches:
Dungeon (3/15)

Altars:


Innate Abilities, Weirdness & Mutations

You have extremely sharp teeth.
Your natural rate of healing is unusually fast.
When hurt, damage is shared between your health and your magic reserves.
Your bite disrupts and absorbs the magic of your enemies.
Potions cannot restore your health.


Message History

The gnoll barely misses you.
You hit the gnoll.
The gnoll is moderately wounded.
The gnoll barely misses you.
You hit the gnoll. You bite the gnoll. You drain its power.
The gnoll is severely wounded.
The gnoll barely misses you.
You hit the gnoll.
The gnoll is severely wounded.
The gnoll hits you with a +0 flail!
You closely miss the gnoll. You punch the gnoll, but do no damage.
The gnoll is severely wounded.
The gnoll barely misses you.
You hit the gnoll.
The gnoll is severely wounded.
The gnoll hits you with a +0 flail.
You hit the gnoll.
The gnoll is almost dead.
The gnoll hits you with a +0 flail!
You are too injured to fight recklessly!
You are too injured to fight recklessly!
You hit the gnoll but do no damage. Your bite misses the gnoll.
The gnoll is almost dead.
The gnoll hits you with a +0 flail.
You closely miss the gnoll. You bite the gnoll, but do no damage.
The gnoll is almost dead.
You hit the gnoll but do no damage. Your bite misses the gnoll.
The gnoll is almost dead.
The gnoll hits you with a +0 flail.
You hit the gnoll but do no damage.
The gnoll is almost dead.
The gnoll barely misses you.
You hit the gnoll.
The gnoll is almost dead.
The gnoll hits you with a +0 flail.
* * * LOW HITPOINT WARNING * * *
You barely miss the gnoll.
The gnoll is almost dead.
The gnoll hits you with a +0 flail!
You die...

## ###.####.
####.##........
............... #
#####.<.#####. ##.
##.## #.g
#.#########†# #...
#..........#
..###.####.#..######
#.#@.# #.#........
#og#†# #.##..>...
#.##.# #.##...####.
.$. #†# #.##........
..... #.# #......###
..##### #.# #####.##
# #.# #.# #.# #.# .
#.##### #.###...


You could see a gnoll and an orc.

Vanquished Creatures
  4 gnolls (D:2)
  A dart slug (D:3)
  A ribbon worm (D:3)
  A ball python (D:1)
  A bat (D:1)
  7 endoplasms
  3 giant cockroaches
  A goblin (D:1)
  6 hobgoblins
  9 jackals (D:2)
  5 quokkas
  3 frilled lizards
  4 kobolds
  12 rats
58 creatures vanquished.

Notes
Turn   | Place    | Note
-------+----------+-------------------------------------------
     0 | D:1      | Ceno the Vine Stalker Earth Elementalist began the quest
                  | for the Orb.
     0 | D:1      | Reached XP level 1. HP: 9/9 MP: 4/4
   250 | D:1      | Reached XP level 2. HP: 14/14 MP: 4/6
  1058 | D:2      | Reached XP level 3. HP: 17/17 MP: 7/7
  1062 | D:2      | Learned a level 3 spell: Passwall
  1083 | D:2      | Reached skill level 1 in Short Blades
  1251 | D:2      | Reached skill level 1 in Fighting
  1445 | D:2      | Reached XP level 4. HP: 10/22 MP: 3/8
  2186 | D:3      | Slain by a gnoll

Illustrated notes

Levels and vault maps discovered:
D:1:      reono_arrival_forest_river, layout_loops_corners, serial_bayou_pond_b
D:2:      layout_loops_corners
D:3:      minmay_angry_zag, layout_loops_ring, lemuel_tele_altar

Skill      XL: |  1  2  3 |
---------------+----------+-----
Stealth        | 3 |  3.7
Short Blades   | 1 |  1.6
Fighting       | 1 |  1.6
Dodging        | |  1.5
Spellcasting   | |  2.1
Conjurations   | |  1.0
Earth Magic    | |  3.7

Action                     |  1- 3 |  4- 6 || total
---------------------------+-------+-------++-------
  Melee: Dagger            |    93 |    51 ||   144
         Bite              |    26 |    11 ||    37
         Punch             |     3 |     2 ||     5
   Cast: Sandblast         |    13 |    11 ||    24
         Passwall          |       |     1 ||     1
    Use: Scroll            |       |     5 ||     5
   Stab: Sleeping          |     5 |     6 ||    11
 Armour: Robe              |    12 |       ||    12
         Leather armour    |    27 |    21 ||    48
  Dodge: Dodged            |    51 |    14 ||    65

Table legend: (Time is in decaauts)
 A = Elapsed time spent in this place.
 B = Non-inter-level travel time spent in this place.
 C = Inter-level travel time spent in this place.
 D = Time resting spent in this place.
 E = Time spent auto-exploring this place.
 F = Levels seen in this place.
 G = Mean time per level.
                   A        B        C        D        E       F      G
               +--------+--------+--------+--------+--------+-----+--------+
         Total |   2200 |   2077 |    123 |      0 |   1546 |   3 |  733.3 |
       Dungeon |   2200 |   2077 |    123 |      0 |   1546 |   3 |  733.3 |
               +--------+--------+--------+--------+--------+-----+--------+

Top non-repeatable levels by time:
     D:2: 1111 daAuts
     D:1: 995 daAuts
     D:3: 93 daAuts
